AoeStats
← Lili La Souris

Fortress

510520798Analyzed
1v1 RM · 2d ago on Oct 1, 2026· 85m 31s· 2 players
Game mode
Random Map
Map size
Small (3 player)
Population
200
Speed
Normal
Resources
Standard
Victory
Conquest
Starting age
Dark Age
Ending age
Imperial Age
RankedLock teamsTeams togetherTeam positionsShared explorationLock speedFull tech treeHidden civsTurbo modeCheats
Victory
Defeat
🇫🇷 Bulgarians · France
870
+15
🇮🇳 Turks · India
854
-15
sirf93anurag
6:37 Loom
8:23 Feudal Age
12:34 Castle Age
10:46 Double-Bit Axe
11:04 Horse Collar
11:52 Gold Mining
19:57 Imperial Age
18:17 Padded Archer Armor
19:24 Gold Shaft Mining
20:37 Bow Saw
22:22 Conscription
23:24 Leather Archer Armor
23:45 Fletching
26:07 Wheelbarrow
32:47 Scale Barding Armor
32:53 Forging
33:30 Husbandry
34:14 Stone Mining
35:31 Bloodlines
35:32 Bodkin Arrow
36:08 Ring Archer Armor
37:49 Masonry
39:30 Chain Barding Armor
39:44 Bracer
44:13 Plate Barding Armor
52:23 Hand Cart
55:15 Iron Casting
54:22 Heavy Camel Rider
57:44 Artillery
60:45 Artillery
78:07 Two-Man Saw
Lili La Souris
0:58 Loom
8:37 Feudal Age
11:47 Wheelbarrow
13:47 Castle Age
13:07 Fletching
14:32 Horse Collar
14:41 Double-Bit Axe
14:49 Gold Mining
14:50 Stone Mining
15:02 Stone Mining
15:44 Gambesons
21:42 Murder Holes
24:49 Bodkin Arrow
25:05 Forging
24:56 Scale Mail Armor
25:16 Town Watch
27:47 Iron Casting
27:18 Scale Barding Armor
27:29 Chain Mail Armor
30:51 Imperial Age
30:07 Chain Barding Armor
33:14 Bracer
33:39 Elite Skirmisher
34:27 Squires
34:13 Arson
38:29 Pikeman
39:06 Elite Konnik
39:46 Stirrups
40:44 Gold Shaft Mining
40:22 Bow Saw
42:07 Halberdier
42:49 Cavalier
44:41 Blast Furnace
44:18 Plate Barding Armor
47:16 Padded Archer Armor
55:55 Husbandry
59:07 Leather Archer Armor
59:23 Plate Mail Armor
59:52 Bloodlines
67:47 Bagains
Connection lost

Rejoining the realm…

Still unreachable

The connection could not be restored.

Session expired

The server has moved on; the page needs a fresh start.